TKirby, lawful male human Monk ------- # |.....| --|--------- -------- |<....| |...........# #.......| -------------- |......#### |....).....|# ###|......-# #-%@))))][))))| |.....| |..>.....%.|# # |......|# ###|.))))))[)@m)| |.....| |...........##### +..|...|# # |.)))))[)[)))| -----.- |..........|# --+-|---# ### |.)))))))))))| #### ----.---.---# ## # # -------------- # # ## ### # # ### ## # # # ###### -|---------- #### ### #### |..........| ## # ### |..........-## ####### ### # |..........| # ---|-----+-- # # ------------ ###|..........| ###------# #...........| #.....-# |..........| |....| |.....{....| |....| ------------ ------ TKirby the Novice Experience level: 4 Strength: 17 Dexterity: 14 Constitution: 11 Intelligence: 12 Wisdom: 12 Charisma: 13 Health: 0(30) Energy: 12(12) Def: 6 Gold: 608 Moves: 1955 Dungeon seed: 7hkCr3RQO7qeQPIy Game ID: TKirby_1505500126 Your Inventory: Coins $ - 608 gold pieces Amulets l - a cursed amulet of strangulation v - a cursed amulet of strangulation Weapons o - 9 +0 silver arrows Armor e - an uncursed +2 pair of leather gloves (being worn) n - an uncursed +1 robe (being worn) q - an uncursed +0 Hawaiian shirt Comestibles d - 2 uncursed food rations f - 6 uncursed apples g - 5 uncursed oranges h - 4 uncursed fortune cookies m - 4 uncursed tripe rations s - 2 uncursed pancakes Scrolls b - an uncursed scroll of destroy armor i - a blessed scroll of remove curse t - an uncursed scroll of identify Spellbooks a - a blessed spellbook of protection x - an uncursed spellbook of haste self Potions c - 3 uncursed potions of healing k - an uncursed potion of speed z - an uncursed potion of see invisible Wands w - a wand of magic missile (0:4) B - a wand of slow monster (0:6) Tools u - a can of grease (0:1) C - an uncursed bell Gems r - an uncursed garnet stone Spells and supernatural/magical abilities: Name Level Category Fail Memory p - protection 1 clerical 0% 91% H - haste self 3 escape 88% 98% W - pray for help -- divine ? -- Your skills at the end: Fighting Skills martial arts [Basic] Weapon Skills Spellcasting Skills healing spells [Basic] Final Attributes: You were piously aligned. You were sleep resistant. You were poison resistant. You saw invisible. You were held by a giant mimic. You were fast. You are dead. Vanquished creatures: a shrieker 3 giant ants a kitten 4 orc zombies an acid blob a coyote a brown mold a yellow mold a gecko 4 jackals a kobold a goblin 2 sewer rats a grid bug 6 lichens 2 kobold zombies 2 newts 33 creatures vanquished. Voluntary challenges: You followed a strict vegan diet. You were an atheist. You never hit with a wielded weapon. You read items or engraved 9 times, starting on turn 168. You never genocided any monsters. You never polymorphed an object. You never changed form. You used no wishes. You never split a pudding. You never wrote Elbereth's name. You never violated your personal moral code. Dungeon overview: The Dungeons of Doom: levels 1 to 6 Level 1 a long staircase Level 2 an altar to Huan Ti, a fountain Level 3 a long staircase Level 4 Level 5 a fountain Level 6 <- You were here a weapon shop, a fountain History has recorded: On T:1 you entered the Dungeons of Doom to retrieve the Amulet of Yendor! On T:347 you reached level 2 of The Dungeons of Doom. On T:426 you advanced to experience level 2. On T:700 you reached level 3 of The Dungeons of Doom. On T:1007 you advanced to experience level 3. On T:1084 you reached level 4 of The Dungeons of Doom. On T:1414 you reached level 5 of The Dungeons of Doom. On T:1743 you reached level 6 of The Dungeons of Doom. On T:1828 you advanced to experience level 4. Score breakdown: Gold: 608 ( 9472 points) Experience: 4 levels ( 9649 points) Exploration: 6 levels ( 13.04%) (10000 points) Discoveries: 2 items ( 0.71%) ( 2535 points) Valuables value: (no points given unless you survive) Artifact value: 0 ( 0 points) Variety of kills: 17 monsters ( 4.46%) ( 6336 points) Turncount: 1955 turns ( 0 points) Survival: died (score multiplied by 80%) Total score: 30393 Latest messages: The giant ant bites! You kill the giant ant! The giant ant bites! There are a few objects here. The giant ant misses. The giant ant bites! You hit the giant ant! The giant ant bites! You kill the giant ant! You see here a staff (5 zorkmids). You see here 7 runed arrows (14 zorkmids). You see here a crude spear (3 zorkmids). You see here a staff (5 zorkmids). You see here a bow (80 zorkmids). You see here a long sword (15 zorkmids). You see here a pair of riding gloves (50 zorkmids). You see here a hooked polearm (7 zorkmids). You see here a spear (3 zorkmids). Wait! That's a giant mimic! You hit the giant mimic! You cannot escape from the giant mimic! You hit the giant mimic! (2x) The giant mimic hits! (2x) You die... Neuvicq gratefully inherits all your possessions. Final status: Goodbye TKirby the Monk, killed by a giant mimic... You died in The Dungeons of Doom on dungeon level 6 with 30393 points, and 608 pieces of gold, after 1955 moves. You were level 4 with a maximum of 30 hit points when you died.